 Dungeon Crawl Stone Soup version 0.28.0-53-g5a82cb258f (webtiles) character file.

Game seed: 4146908807921887050

275 Sin92 the Skirmisher (level 6, 0/49 HPs)
             Began as a Demonspawn Fighter on June 30, 2022.
             Was an Initiate of Yredelemnul.
             Slain by a hound (2 damage)
             ... on level 3 of the Dungeon.
             The game lasted 00:10:01 (3004 turns).

Sin92 the Skirmisher (Demonspawn Fighter)           Turns: 3004, Time: 00:10:01

Health: 0/49       AC: 11    Str: 16    XL:     6   Next: 3%
Magic:  6/6        EV:  5    Int: 10    God:    Yredelemnul [......]
Gold:   103        SH:  9    Dex: 14    Spells: 5/5 levels left

rFire   . . .      SeeInvis .   a - +1 long sword
rCold   . . .      Faith    .   j - +0 kite shield
rNeg    . . .      Spirit   .   m - +0 chain mail
rPois   .          Reflect  .   (no helmet)
rElec   .          Harm     .   (no cloak)
rCorr   .          Rampage  .   g - +0 pair of gloves
Will    .....                   (no boots)
Stlth   ..........              f - amulet of magic regeneration
HPRegen 0.16/turn               (no ring)
MPRegen 0.50/turn               (no ring)

@: mighty
A: rugged brown scales 1, powered by death 1, demonic touch 1
a: Renounce Religion, Recall Undead Harvest


You were on level 3 of the Dungeon.
You worshipped Yredelemnul.
Yredelemnul was noncommittal.
You visited 1 branch of the dungeon, and saw 4 of its levels.

You collected 178 gold pieces.
You spent 75 gold pieces at shops.

Inventory:

Hand Weapons
 a - a +1 long sword (weapon)
Armour
 b - a +0 scale mail
 c - a +0 buckler
 g - a +0 pair of gloves (worn)
 j - a +0 kite shield (worn)
 m - a +0 chain mail (worn)
Jewellery
 f - an amulet of magic regeneration (around neck)
Wands
 o - a wand of polymorph (11)
Scrolls
 k - 2 scrolls of immolation
 p - 2 scrolls of identify
Potions
 e - 2 potions of haste {unknown}
 i - a potion of degeneration {unknown}
 l - a potion of berserk rage {unknown}
 n - a potion of mutation {unknown}


   Skills:
 + Level 4.0 Fighting
 + Level 3.0 Long Blades
 + Level 3.6 Armour
 + Level 2.1 Dodging
 + Level 3.6 Shields


You had 5 spell levels left.
You didn't know any spells.
Your spell library was empty.

Dungeon Overview and Level Annotations

Branches:
Dungeon (4/15)
 Temple: D:4-7

Altars:
Yredelemnul

Shops:
D:1 (   D:2 =*   D:4 *


Innate Abilities, Weirdness & Mutations

You are partially covered in rugged brown scales. (AC +1, +3% HP)
You regenerate a little health from kills.
Your touch may inflict minor irresistible damage on your foes.


Message History

Unknown command.
You bump into the rock wall.
The orc wizard hits you but does no damage.
The hound barely misses you. The orc hits you with a +0 whip.
You closely miss the orc.
You feel less confused. The hound bites you but does no damage.
The orc wizard hits you with a +0 dagger.
You block the orc's attack. You block the hound's attack.
The orc wizard hits you but does no damage.
The orc hits you with a +0 whip.
You closely miss the hound. The hound bites you.
The orc wizard barely misses you. The hound bites you.
* * * LOW HITPOINT WARNING * * *
The orc hits you but does no damage.
You closely miss the hound. The hound bites you.
* * * LOW HITPOINT WARNING * * *
The orc wizard hits you but does no damage.
The hound bites you but does no damage. You block the orc's attack.
The orc wizard hits you but does no damage.
You slash the hound!
The hound is heavily wounded.
You block the hound's attack. The orc barely misses you.
You block the hound's attack.
The orc wizard gestures at you while chanting.
The magic dart hits you!
* * * LOW HITPOINT WARNING * * *
The orc hits you but does no damage. The hound bites you but does no damage.
You barely miss the hound.
The hound is heavily wounded.
The hound bites you but does no damage. You block the orc wizard's attack.
You block the orc's attack. The hound bites you but does no damage.
The orc wizard casts a spell.
The orc wizard flickers and vanishes!
Deactivating autopickup; reactivate with Ctrl-A.
You closely miss the hound.
The hound is heavily wounded.
The hound bites you.
You die...
Your body rises from the dead as a mindless zombie.

..###.........#.........#
....'.........'.......#Z#
..###.........#.##...##.#
..# ##.......##.###.###.#
### ##.....###.# #...#.#
##.<.## #.# ###.#.# ##'##
#{# #.#.# #.# #{#####.#.#
#.# #h@o......#
##.###########.###
##........# #Z# ###
#.....###.#####.# ..##
##...#..........#
...######.##)##.#######
#....)...>...##Z#
#########.#####.#
#......Z#


You could see a hound and an orc.

Vanquished Creatures
  A hound (D:2)
  An orc priest (D:3)
  Ijyb (D:3)
  Terence (D:3)
  An orc wizard (D:3)
  A hound skeleton (D:4)
  3 gnolls (D:3)
  4 adders
  An ufetubus (D:3)
  A worm (D:3)
  3 dart slugs
  3 orcs
  5 bats
  2 endoplasms
  2 goblins
  3 hobgoblins
  2 jackals (D:3)
  5 quokkas
  2 frilled lizards
  2 kobolds (D:3)
  2 rats
46 creatures vanquished.

Vanquished Creatures (collateral kills)
  2 endoplasms
  A goblin (D:3)
  A kobold (D:2)
4 creatures vanquished.

Vanquished Creatures (others)
  A bat zombie (D:3)
  2 gnoll zombies (D:3)
  A quokka zombie (D:3)
4 creatures vanquished.

Grand Total: 54 creatures vanquished

Notes
Turn   | Place    | Note
-------+----------+-------------------------------------------
     0 | D:1      | Sin92 the Demonspawn Fighter began the quest for the Orb.
     0 | D:1      | Reached XP level 1. HP: 18/18 MP: 1/1
   164 | D:1      | Found a faded altar of an unknown god.
   185 | D:1      | Prayed at the altar of an unknown god.
   185 | D:1      | Became a worshipper of Yredelemnul the Dark
   185 | D:1      | Reached * piety under Yredelemnul
   445 | D:1      | Gained mutation: You regenerate a little health from kills.
                  | [demonic ancestry]
   445 | D:1      | Reached XP level 2. HP: 18/24 MP: 2/2
   566 | D:1      | Found Fecuul's Weapon Shop.
   711 | D:2      | HP: 1/24 [hound (4)]
   713 | D:2      | Reached skill level 1 in Dodging
   713 | D:2      | Reached XP level 3. HP: 3/29 MP: 3/3
  1007 | D:2      | Found Iggeykluq's Assorted Antiques.
  1016 | D:2      | Bought a scroll labelled VALAG PASENTU for 25 gold pieces
  1016 | D:2      | Bought a scroll labelled OBLOCUETWA for 25 gold pieces
  1016 | D:2      | Bought a scroll labelled CUTOPA XEWA for 25 gold pieces
  1104 | D:2      | You fall into a shaft and drop 2 floors!
  1123 | D:4      | Found Eratwih's Gadget Gallery.
  1599 | D:2      | Found Kumo's One-of-a-Kind Rings.
  1656 | D:2      | Gained mutation: Your touch may inflict minor irresistible
                  | damage on your foes. [demonic ancestry]
  1656 | D:2      | Reached XP level 4. HP: 34/35 MP: 4/4
  1871 | D:3      | Noticed Terence
  1884 | D:3      | Killed Terence
  2202 | D:3      | Reached XP level 5. HP: 41/42 MP: 5/5
  2260 | D:3      | Noticed Ijyb
  2290 | D:3      | Killed Ijyb
  2978 | D:3      | Reached skill level 4 in Fighting
  2986 | D:4      | Gained mutation: You are partially covered in rugged brown
                  | scales. (AC +1, +3% HP) [demonic ancestry]
  2986 | D:4      | Reached XP level 6. HP: 34/49 MP: 6/6
  3002 | D:3      | HP: 1/49 [orc wizard/magic dart (9)]
  3004 | D:3      | Slain by a hound

Illustrated notes

Levels and vault maps discovered:
D:1:      dpeg_arrival_refuge, layout_basic,
          hellmonk_ecumenical_altar_crossroads, serial_shops,
          nicolae_shop_bloodbath_and_beyond
D:2:      layout_loops_ring, serial_shops, shop, minmay_hedge_maze,
          kennysheep_pointless_box, nicolae_shop_unique_rings
D:3:      layout_loops_corners, solitary_fountain, grunt_decor_junction,
          uniq_terence, uniq_ijyb
D:4:      layout_basic, nicolae_shop_gadgets

Skill      XL: |  1  2  3  4  5 |
---------------+----------------+-----
Long Blades    | 2 3 |  3.0
Armour         | 3 |  3.6
Dodging        | 1 2 |  2.1
Shields        | 3 |  3.6
Fighting       | 4 |  4.0

Action                   |  1- 3 |  4- 6 || total
-------------------------+-------+-------++-------
Melee: Long sword        |    57 |   116 ||   173
       Unarmed           |       |     5 ||     5
  Use: Scroll            |     5 |       ||     5
       Potion            |       |     3 ||     3
 Stab: Confused          |       |     1 ||     1
Armor: Scale mail        |    29 |     9 ||    38
       Chain mail        |       |    83 ||    83
       Skin              |       |     1 ||     1
Dodge: Dodged            |    16 |    37 ||    53
Block: Buckler           |     5 |       ||     5
       Kite shield       |    18 |    64 ||    82
